 Dungeon Crawl Stone Soup version 0.29.0-15-g675c0067aa (webtiles) character file.

Game seed: 6855629460636651622

86550 qw the Severer (level 15, -9/149 HPs)
             Began as a Minotaur Berserker on Sept 12, 2022.
             Was an Elder of Trog.
             Killed by divine providence
             ... invoked by an orc high priest
              (15 damage)
             ... on level 2 of the Orcish Mines.
             The game lasted 00:08:47 (27123 turns).

qw the Severer (Minotaur Berserker)                Turns: 27123, Time: 00:08:48

Health: -9/149     AC: 22    Str: 28    XL:     15   Next: 41%
Magic:  0/14       EV: 12    Int:  4    God:    Trog [****..]
Gold:   2242       SH:  8    Dex: 11    Spells: 14/14 levels left

rFire   . . .      SeeInvis +   Y - +3 broad axe
rCold   . . .      Faith    .   f - +2 buckler
rNeg    . . .      Spirit   +   t - +0 chain mail {rPois}
rPois   +          Reflect  .   (helmet restricted)
rElec   .          Harm     .   j - +1 cloak
rCorr   .          Rampage  .   s - +1 pair of gloves
Will    +....                   d - +2 pair of boots
Stlth   ..........              l - amulet of guardian spirit
HPRegen 0.34/turn               h - ring of see invisible
MPRegen 0.14/turn               q - +4 ring of slaying {mikee}

@: on berserk cooldown, slowed, very slow
A: horns 2, retaliatory headbutt
a: Renounce Religion, Berserk, Trog's Hand, Brothers in Arms


You were on level 2 of the Orcish Mines.
You worshipped Trog.
Trog was greatly pleased with you.
You visited 3 branches of the dungeon, and saw 22 of its levels.

You collected 2242 gold pieces.


Innate Abilities, Weirdness & Mutations

You have a pair of horns on your head.
You reflexively headbutt those who attack you in melee.


   Skills:
 - Level 18.0 Fighting
 - Level 18.0 Axes
 - Level 4.0 Throwing
 - Level 16.0 Armour
 + Level 8.7 Dodging
 - Level 11.0 Shields


You had 14 spell levels left.
You didn't know any spells.
Your spell library was empty.

Inventory:

Hand Weapons
 m - a +1 demon whip of venom
 Y - a +3 broad axe (weapon)
Missiles
 k - 3 boomerangs (quivered)
Armour
 d - a +2 pair of boots (worn)
 f - a +2 buckler (worn)
 g - a +0 plate armour
 j - a +1 cloak (worn)
 s - a +1 pair of gloves (worn)
 t - a +0 chain mail of poison resistance (worn)
 u - +0 ice dragon scales
Jewellery
 h - a ring of see invisible (left hand)
 l - an amulet of guardian spirit (around neck)
 o - a ring of resist corrosion
 q - a +4 ring of slaying (right hand) {mikee}
Scrolls
 a - 8 scrolls of identify
 p - 7 scrolls of teleportation
Potions
 b - 3 potions of heal wounds
 c - 5 potions of might
 e - 5 potions of curing
 i - 2 potions of mutation
 n - 6 potions of haste
 r - a potion of resistance

Dungeon Overview and Level Annotations

Branches:
Dungeon (15/15)            Temple (0/1) D:5            Lair (5/5) D:8
 Shoals (0/4) Lair:3       Spider (0/4) Lair:2        Slime (0/5) Lair:4
    Orc (2/2) D:11         Vaults (0/5) D:14         Depths (0/4) D:15
    Elf: Orc:2

Altars:
Cheibriados
Gozag
Hepliaklqana
Kikubaaqudgha
Makhleb
Nemelex Xobeh
Ru
Sif Muna
Trog
Yredelemnul
Zin
Jiyva

Shops:
D:1 (   D:5 :   D:7 :   Orc:2 !

Portals:
Trove: D:11 (give 13 potions of heal wounds)


Message History

You hear a shout!
You block the orc knight's attack.
An orc high priest comes into view. It is wielding a +0 broad axe.
An orc high priest comes into view. It is wielding a +0 battleaxe.
The orc knight hits you with a +0 war axe!
You barely miss the orc knight.
The orc knight is heavily wounded.
You slash the orc knight!
The orc high priest prays.
The orc high priest calls down the wrath of Beogh upon you.
You resist with almost no effort. You block the orc knight's attack.
The orc knight completely misses you. You furiously retaliate!
You headbutt the orc knight! You slash the orc knight!
Your headbutt misses the orc knight.
The orc knight is almost dead.
You barely miss the orc knight.
You hit the orc warrior but do no damage.
The orc warrior hits you with a +0 long sword!
The orc knight hits you with a +0 long sword!!
The orc knight hits you with a +0 war axe!
You hit the orc knight. You headbutt the orc knight.
You kill the orc knight!
Trog accepts your kill.
You slash the orc knight! You hit the orc warrior.
The orc knight hits you with a +0 long sword!
You slash the orc knight!
You headbutt the orc knight, but do no damage.
The orc knight is almost dead.
You hit the orc warrior. You slash the orc high priest!
Your skin stops crawling.
You feel less strong-willed.
The orc knight no longer looks unusually strong.
The orc high priest invokes the aid of Beogh against you.
Beogh smites you!
The orc warrior hits you with a +0 long sword!
The orc high priest prays to Beogh.
You block the orc knight's attack. x2
The orc warrior hits you with a +0 long sword!
The orc high priest mumbles some strange prayers to Beogh against you.
Beogh smites you!
You die...

#.... ###### #....#
##..))##### ....#.
##..##)@o..# #......#
#..##..oo.4.#
.......###.##..o##.#.\#
.......##..##..## .# .#
.......##.##... .
)......##.##... .#
#..#...##.##... .
.......##.#####.. .#
.................


You could see an orc knight, 2 orc high priests, an ice devil (summoned) and an
orc warrior (strong).

Vanquished Creatures
  Saint Roka (Orc:2)
  Rupert (Orc:2)
  Agnes (D:14)
  A juggernaut zombie (D:15)
  A vault guard (D:14)
  6 hydras
  An ogre mage (D:15)
  A catoblepas (Lair:5)
  A boulder beetle (D:15)
  7 centaur warriors
  4 death yaks
  9 two-headed ogres
  A vampire mage (D:15)
  2 skeletal warriors (D:15)
  Lodul (D:12)
  A wizard (D:15)
  3 deep elf pyromancers
  A shadow dragon zombie (D:15)
  Pikel (D:7)
  2 orc knights
  A necromancer (D:15)
  A fire giant zombie (D:15)
  5 cyclopes
  3 orc sorcerers (Orc:2)
  3 manticores
  6 elephants (Lair:1)
  Joseph (D:7)
  Maggie (D:8)
  3 black mambas
  3 torpor snails
  12 cane toads
  A rime drake (Lair:5)
  2 gargoyles
  An unseen horror (D:12)
  A yaktaur (D:14)
  A freezing wraith (D:15)
  Psyche (D:8)
  8 komodo dragons
  5 polar bears
  9 trolls
  3 meliai (D:13)
  6 hornets
  11 blink frogs
  5 dream sheep
  12 slime creatures
  Sigmund (D:2)
  A centaur simulacrum (D:15)
  2 shadows (D:12)
  2 wraiths (D:13)
  14 spriggans (Lair:5)
  30 yaks
  2 culicivoras (Lair:2)
  6 wyverns
  3 vampires
  20 vampire mosquitoes
  A basilisk (Lair:5)
  A redback (Lair:2)
  A steam dragon (Lair:2)
  4 acid dragons
  14 water moccasins
  A sky beast (D:6)
  4 black bears
  18 orc warriors
  A floating eye zombie (D:15)
  7 centaurs
  39 wolves
  10 ogres
  5 boggarts (Lair:5)
  A lemure (D:7)
  A kobold brigand (D:10)
  9 bullfrogs
  5 necrophages
  2 gnoll sergeants
  3 scorpions
  24 wights
  4 killer bees
  7 electric eels (D:12)
  4 howler monkeys
  5 jellies
  16 orc priests
  An iron imp (D:15)
  4 iguanas
  28 orc wizards
  Robin (D:2)
  4 adders
  3 gnolls (D:13)
  2 shadow imps (D:6)
  3 ufetubi
  2 worms
  91 orcs
  4 bats
  8 endoplasms
  4 giant cockroaches
  11 goblins
  7 hobgoblins
  9 jackals
  14 kobolds
  2 quokkas
  6 ball pythons
  2 frilled lizards
  4 rats (D:1)
629 creatures vanquished.

Vanquished Creatures (collateral kills)
  Snorg (D:14)
  2 hydras
  2 boulder beetles (D:12)
  A two-headed ogre (D:12)
  A cane toad (Lair:2)
  4 slime creatures (D:12)
  A water elemental (D:12)
  An orc warrior (Orc:2)
  2 ogres (D:12)
15 creatures vanquished.

Vanquished Creatures (others)
  23 fungi
  80 plants
  5 withered plants
108 creatures vanquished.

Grand Total: 752 creatures vanquished

Notes
Turn   | Place    | Note
-------+----------+-------------------------------------------
     0 | D:1      | qw the Minotaur Berserker began the quest for the Orb.
     0 | D:1      | Reached XP level 1. HP: 19/19 MP: 0/0
     0 | D:1      | 0 ||| qw: Version: 0.1-a-119-g272c26d
     0 | D:1      | 0 ||| qw: Game counter: 10831
     0 | D:1      | 0 ||| qw: Always use a shield: true
     0 | D:1      | 0 ||| qw: Do Orc after D:15 true
     0 | D:1      | 0 ||| qw: Do second Lair branch before Depths: true
     0 | D:1      | 0 ||| qw: Lair rune preference: random
     0 | D:1      | 0 ||| qw: Plans: Normal
     0 | D:1      | 0 ||| PLANNING D:1-11
     9 | D:1      | Noticed a merfolk zombie
    19 | D:1      | Noticed a merfolk zombie
    59 | D:1      | Found Qinwul's Weapon Shoppe.
    80 | D:1      | 80 ||| SHOPLISTING +0 club (10 gold, have 0).
    80 | D:1      | 80 ||| SHOPLISTING +0 war axe (35 gold, have 0).
   130 | D:1      | Reached XP level 2. HP: 26/26 MP: 1/1
   175 | D:1      | 175 ||| Stepping ~*~*~tactically~*~*~ (stealth).
   180 | D:1      | 180 ||| Stepping ~*~*~tactically~*~*~ (stealth).
   190 | D:1      | 190 ||| Stepping ~*~*~tactically~*~*~ (stealth).
   194 | D:1      | 194 ||| Stepping ~*~*~tactically~*~*~ (stealth).
   195 | D:1      | 195 ||| Stepping ~*~*~tactically~*~*~ (stealth).
   203 | D:1      | 203 ||| Stepping ~*~*~tactically~*~*~ (stealth).
   205 | D:1      | 205 ||| Stepping ~*~*~tactically~*~*~ (stealth).
   342 | D:1      | 342 ||| DROPPING +0 club.
   387 | D:1      | 387 ||| Stepping ~*~*~tactically~*~*~ (stealth).
   388 | D:1      | 388 ||| Stepping ~*~*~tactically~*~*~ (stealth).
   390 | D:1      | 390 ||| Stepping ~*~*~tactically~*~*~ (stealth).
   391 | D:1      | 391 ||| Stepping ~*~*~tactically~*~*~ (stealth).
   392 | D:1      | 392 ||| Stepping ~*~*~tactically~*~*~ (stealth).
   393 | D:1      | 393 ||| Stepping ~*~*~tactically~*~*~ (stealth).
   398 | D:1      | 398 ||| Stepping ~*~*~tactically~*~*~ (stealth).
   414 | D:1      | 414 ||| Stepping ~*~*~tactically~*~*~ (stealth).
   416 | D:1      | 416 ||| Stepping ~*~*~tactically~*~*~ (stealth).
   419 | D:1      | Reached XP level 3. HP: 28/31 MP: 2/2
   419 | D:1      | 419 ||| Stepping ~*~*~tactically~*~*~ (stealth).
   450 | D:1      | 450 ||| Stepping ~*~*~tactically~*~*~ (stealth).
   462 | D:1      | Reached ** piety under Trog
   516 | D:1      | Found a faded altar of an unknown god.
   517 | D:1      | 517 ||| Stepping ~*~*~tactically~*~*~ (stealth).
   519 | D:1      | 519 ||| Stepping ~*~*~tactically~*~*~ (stealth).
   523 | D:1      | Reached skill level 1 in Throwing
   639 | D:1      | 639 ||| Stepping ~*~*~tactically~*~*~ (stealth).
   640 | D:1      | 640 ||| Stepping ~*~*~tactically~*~*~ (stealth).
   665 | D:1      | 665 ||| Stepping ~*~*~tactically~*~*~ (stealth).
   667 | D:1      | 667 ||| Stepping ~*~*~tactically~*~*~ (stealth).
   771 | D:1      | 771 ||| UPGRADING to ring of see invisible.
   772 | D:1      | 772 ||| READING 2 scrolls labelled XUDOEKHL REIM.
   773 | D:1      | 773 ||| READING scroll labelled LAWAM NIECUB.
   832 | D:2      | 832 ||| Stepping ~*~*~tactically~*~*~ (stealth).
   833 | D:2      | Noticed Robin
   834 | D:2      | 834 ||| Stepping ~*~*~tactically~*~*~ (hiding).
   835 | D:2      | 835 ||| Stepping ~*~*~tactically~*~*~ (hiding).
   841 | D:2      | 841 ||| INVOKING Berserk.
   844 | D:2      | Killed Robin
   858 | D:2      | Reached XP level 4. HP: 39/39 MP: 3/3
  1052 | D:2      | Found a sacrificial altar of Ru.
  1064 | D:2      | Reached skill level 6 in Axes
  1217 | D:2      | Noticed Sigmund
  1221 | D:2      | 1221 ||| INVOKING Berserk.
  1224 | D:2      | Killed Sigmund
  1225 | D:2      | Reached XP level 5. HP: 45/45 MP: 4/4
  1241 | D:2      | 1241 ||| Stepping ~*~*~tactically~*~*~ (stealth).
  1248 | D:2      | 1248 ||| Stepping ~*~*~tactically~*~*~ (stealth).
  1336 | D:2      | 1336 ||| Stepping ~*~*~tactically~*~*~ (stealth).
  1418 | D:2      | 1418 ||| UPGRADING to +0 cloak.
  1423 | D:2      | 1423 ||| READING scroll labelled ECILOCWINWA.
  1426 | D:2      | 1426 ||| READING scroll labelled UDWUDY ZIETAO.
  1427 | D:2      | 1427 ||| READING scroll labelled ASHRAX MEUZUOTUCK.
  1428 | D:2      | 1428 ||| READING 3 scrolls labelled DAES DUIR DEVA.
  1429 | D:2      | 1429 ||| DRINKING 2 purple potions.
  1430 | D:2      | 1430 ||| DRINKING 2 yellow potions.
  1431 | D:2      | 1431 ||| DRINKING 2 lumpy orange potions.
  1432 | D:2      | 1432 ||| READING 3 scrolls of identify.
  1432 | D:2      | 1432 ||| IDENTIFYING viscous brown potion
  1433 | D:2      | 1433 ||| READING 2 scrolls of identify.
  1433 | D:2      | 1433 ||| IDENTIFYING fuming cyan potion
  1434 | D:2      | 1434 ||| DROPPING potion of attraction.
  1435 | D:2      | 1435 ||| DROPPING potion of brilliance.
  1436 | D:2      | 1436 ||| DROPPING potion of invisibility.
  1437 | D:2      | 1437 ||| DROPPING 2 scrolls of fog.
  1891 | D:3      | 1891 ||| UPGRADING to +2 buckler.
  1896 | D:3      | 1896 ||| UPGRADING to +0 chain mail.
  1906 | D:3      | 1906 ||| DROPPING +0 animal skin.
  1907 | D:3      | 1907 ||| UPGRADING to amulet of guardian spirit.
  1912 | D:3      | 1912 ||| READING scroll labelled VAEPIOGEIG.
  1913 | D:3      | 1913 ||| DRINKING 2 red potions.
  1944 | D:4      | Reached XP level 6. HP: 43/52 MP: 5/5
  2090 | D:4      | Found a hazy altar of Hepliaklqana.
  2141 | D:4      | 2141 ||| INVOKING Berserk.
  2144 | D:4      | Reached skill level 1 in Shields
  2155 | D:4      | 2155 ||| Stepping ~*~*~tactically~*~*~ (stealth).
  2358 | D:4      | Identified the +0 robe of the Desert {Dex+3}
  2521 | D:4      | Found an opulent altar of Gozag.
  2567 | D:4      | 2567 ||| UPGRADING to +0 pair of boots.
  2588 | D:5      | Entered Level 5 of the Dungeon
  2894 | D:5      | Found Rautafoy's Book Emporium.
  2910 | D:5      | 2910 ||| Stepping ~*~*~tactically~*~*~ (hiding).
  2917 | D:5      | Reached skill level 3 in Armour
  2918 | D:5      | 2918 ||| INVOKING Berserk.
  3075 | D:5      | Reached XP level 7. HP: 59/59 MP: 6/6
  3082 | D:5      | Noticed a yak
  3091 | D:5      | 3091 ||| Stepping ~*~*~tactically~*~*~ (hiding).
  3095 | D:5      | 3095 ||| INVOKING Berserk.
  3144 | D:5      | 3144 ||| DRINKING 2 potions of curing.
  3144 | D:5      | 3144 ||| (to cure confusion)
  3148 | D:5      | Reached skill level 9 in Axes
  3229 | D:5      | 3229 ||| DROPPING +0 whip.
  3246 | D:5      | Reached *** piety under Trog
  3327 | D:5      | Reached skill level 3 in Shields
  3498 | D:5      | Found a staircase to the Ecumenical Temple.
  3645 | D:5      | 3645 ||| UPGRADING to +4 ring of slaying {mikee}.
  3646 | D:5      | 3646 ||| READING 3 scrolls of identify.
  3646 | D:5      | 3646 ||| IDENTIFYING coppery potion
  3647 | D:5      | 3647 ||| READING 2 scrolls of identify.
  3647 | D:5      | 3647 ||| IDENTIFYING orange potion
  3648 | D:5      | 3648 ||| DROPPING potion of magic.
  3707 | D:6      | 3707 ||| INVOKING Berserk.
  3832 | D:6      | 3832 ||| Stepping ~*~*~tactically~*~*~ (hiding).
  3879 | D:6      | 3879 ||| Stepping ~*~*~tactically~*~*~ (hiding).
  3887 | D:6      | 3887 ||| DRINKING potion of curing.
  3887 | D:6      | 3887 ||| (to cure confusion)
  3919 | D:6      | 3919 ||| SWAPPING to +0 war axe.
  3920 | D:6      | 3920 ||| DROPPING +1 hand axe.
  3984 | D:6      | 3984 ||| INVOKING Berserk.
  4095 | D:6      | 4095 ||| Stepping ~*~*~tactically~*~*~ (hiding).
  4153 | D:6      | 4153 ||| INVOKING Berserk.
  4155 | D:6      | Reached XP level 8. HP: 68/68 MP: 7/7
  4586 | D:6      | 4586 ||| Stepping ~*~*~tactically~*~*~ (stealth).
  4587 | D:6      | 4587 ||| Stepping ~*~*~tactically~*~*~ (stealth).
  4726 | D:6      | 4726 ||| INVOKING Berserk.
  4917 | D:6      | 4917 ||| DROPPING ring of magical power.
  4918 | D:6      | 4918 ||| READING 2 scrolls of identify.
  4918 | D:6      | 4918 ||| IDENTIFYING fuming red potion
  4964 | D:7      | Reached skill level 6 in Fighting
  5050 | D:7      | Noticed a troll
  5054 | D:7      | 5054 ||| INVOKING Berserk.
  5061 | D:7      | Killed a troll
  5160 | D:7      | 5160 ||| Stepping ~*~*~tactically~*~*~ (stealth).
  5179 | D:7      | 5179 ||| FLEEEEING.
  5180 | D:7      | 5180 ||| FLEEEEING.
  5181 | D:7      | 5181 ||| FLEEEEING.
  5182 | D:7      | 5182 ||| FLEEEEING.
  5183 | D:7      | 5183 ||| FLEEEEING.
  5184 | D:7      | 5184 ||| FLEEEEING.
  5185 | D:7      | 5185 ||| FLEEEEING.
  5186 | D:7      | 5186 ||| FLEEEEING.
  5187 | D:7      | 5187 ||| FLEEEEING.
  5188 | D:7      | 5188 ||| FLEEEEING.
  5189 | D:7      | 5189 ||| FLEEEEING.
  5193 | D:7      | 5193 ||| FLEEEEING.
  5194 | D:7      | 5194 ||| FLEEEEING.
  5195 | D:7      | 5195 ||| FLEEEEING.
  5198 | D:7      | 5198 ||| FLEEEEING.
  5199 | D:7      | 5199 ||| FLEEEEING.
  5200 | D:7      | 5200 ||| FLEEEEING.
  5204 | D:7      | 5204 ||| FLEEEEING.
  5205 | D:7      | 5205 ||| FLEEEEING.
  5209 | D:7      | 5209 ||| FLEEEEING.
  5210 | D:7      | 5210 ||| FLEEEEING.
  5211 | D:7      | 5211 ||| FLEEEEING.
  5212 | D:7      | 5212 ||| FLEEEEING.
  5213 | D:7      | 5213 ||| FLEEEEING.
  5214 | D:7      | 5214 ||| FLEEEEING.
  5215 | D:7      | 5215 ||| FLEEEEING.
  5216 | D:7      | 5216 ||| FLEEEEING.
  5217 | D:7      | 5217 ||| FLEEEEING.
  5218 | D:7      | 5218 ||| FLEEEEING.
  5219 | D:7      | 5219 ||| FLEEEEING.
  5220 | D:7      | 5220 ||| FLEEEEING.
  5221 | D:7      | 5221 ||| FLEEEEING.
  5222 | D:7      | 5222 ||| FLEEEEING.
  5223 | D:7      | 5223 ||| STAIRDANCE
  5287 | D:6      | 5287 ||| READING scroll labelled WESEYHY XUVE.
  5295 | D:7      | 5295 ||| STAIRDANCE
  5558 | D:7      | Found a glowing silver altar of Zin.
  5571 | D:7      | 5571 ||| Stepping ~*~*~tactically~*~*~ (hiding).
  5573 | D:7      | 5573 ||| Stepping ~*~*~tactically~*~*~ (hiding).
  5574 | D:7      | 5574 ||| Stepping ~*~*~tactically~*~*~ (hiding).
  5576 | D:7      | 5576 ||| Stepping ~*~*~tactically~*~*~ (hiding).
  5577 | D:7      | 5577 ||| Stepping ~*~*~tactically~*~*~ (hiding).
  5677 | D:7      | 5677 ||| Stepping ~*~*~tactically~*~*~ (stealth).
  5696 | D:7      | 5696 ||| Stepping ~*~*~tactically~*~*~ (hiding).
  5781 | D:7      | 5781 ||| INVOKING Berserk.
  5785 | D:7      | Reached skill level 12 in Axes
  5785 | D:7      | Reached XP level 9. HP: 75/75 MP: 8/8
  5916 | D:7      | 5916 ||| INVOKING Berserk.
  6082 | D:7      | Found Saciy's Self-Improvement Boutique.
  6255 | D:7      | Noticed Joseph
  6256 | D:7      | 6256 ||| Stepping ~*~*~tactically~*~*~ (hiding).
  6259 | D:7      | 6259 ||| FLEEEEING.
  6260 | D:7      | 6260 ||| FLEEEEING.
  6262 | D:7      | 6262 ||| STAIRDANCE
  6352 | D:6      | 6352 ||| UPGRADING to +0 plate armour.
  6362 | D:6      | 6362 ||| DROPPING +0 chain mail.
  6363 | D:6      | 6363 ||| READING 2 scrolls labelled ODYT FOPASORAU.
  6464 | D:6      | 6464 ||| DROPPING scroll of silence.
  6485 | D:7      | Killed Joseph
  6486 | D:7      | Reached skill level 6 in Armour
  6612 | D:7      | Noticed Pikel
  6613 | D:7      | 6613 ||| Stepping ~*~*~tactically~*~*~ (hiding).
  6627 | D:7      | 6627 ||| INVOKING Berserk.
  6636 | D:7      | Killed Pikel
  6788 | D:7      | 6788 ||| FLEEEEING.
  6789 | D:7      | 6789 ||| FLEEEEING.
  6790 | D:7      | 6790 ||| FLEEEEING.
  6791 | D:7      | 6791 ||| FLEEEEING.
  6792 | D:7      | 6792 ||| FLEEEEING.
  6793 | D:7      | 6793 ||| FLEEEEING.
  6794 | D:7      | 6794 ||| FLEEEEING.
  6795 | D:7      | 6795 ||| FLEEEEING.
  6796 | D:7      | 6796 ||| FLEEEEING.
  6797 | D:7      | 6797 ||| FLEEEEING.
  6798 | D:7      | 6798 ||| FLEEEEING.
  6799 | D:7      | 6799 ||| FLEEEEING.
  6813 | D:7      | Reached skill level 3 in Throwing
  7065 | D:7      | Found an ancient bone altar of Kikubaaqudgha.
  7077 | D:7      | 7077 ||| INVOKING Berserk.
  7441 | D:8      | 7441 ||| STAIRDANCE
  7451 | D:8      | 7451 ||| STAIRDANCE
  7543 | D:8      | 7543 ||| Stepping ~*~*~tactically~*~*~ (stealth).
  7552 | D:8      | 7552 ||| Stepping ~*~*~tactically~*~*~ (stealth).
  7557 | D:8      | Reached XP level 10. HP: 70/88 MP: 6/9
  7570 | D:8      | 7570 ||| Stepping ~*~*~tactically~*~*~ (stealth).
  7571 | D:8      | 7571 ||| Stepping ~*~*~tactically~*~*~ (stealth).
  7574 | D:8      | 7574 ||| Stepping ~*~*~tactically~*~*~ (stealth).
  7614 | D:8      | 7614 ||| Stepping ~*~*~tactically~*~*~ (stealth).
  7732 | D:8      | Found a staircase to the Lair.
  7859 | D:8      | Noticed Psyche
  7864 | D:8      | 7864 ||| INVOKING Berserk.
  7870 | D:8      | Killed Psyche
  8004 | D:8      | 8004 ||| READING scroll labelled YGAUTYUTIC.
  8005 | D:8      | 8005 ||| DRINKING 2 fizzy inky potions.
  8017 | D:8      | Reached skill level 15 in Axes
  8100 | D:8      | 8100 ||| DRINKING 2 fuming clear potions.
  8101 | D:8      | 8101 ||| DROPPING potion of flight.
  8106 | D:8      | 8106 ||| Stepping ~*~*~tactically~*~*~ (stealth).
  8108 | D:8      | Reached skill level 9 in Fighting
  8109 | D:8      | 8109 ||| Stepping ~*~*~tactically~*~*~ (stealth).
  8111 | D:8      | 8111 ||| Stepping ~*~*~tactically~*~*~ (stealth).
  8121 | D:8      | Reached skill level 3 in Dodging
  8122 | D:8      | Reached **** piety under Trog
  8249 | D:8      | Found a burning altar of Makhleb.
  8279 | D:8      | Noticed Maggie
  8294 | D:8      | Killed Maggie
  8313 | D:8      | 8313 ||| SWAPPING to +3 broad axe.
  8314 | D:8      | 8314 ||| DROPPING +0 war axe.
  8463 | D:8      | 8463 ||| PLANNING LAIR
  8463 | D:8      | 8463 ||| READING scroll labelled FARAIQ VISIAGH.
  8482 | Lair:1   | Entered Level 1 of the Lair of Beasts
  8483 | Lair:1   | 8483 ||| INVOKING Berserk.
  8485 | Lair:1   | Reached XP level 11. HP: 97/97 MP: 10/10
  8569 | Lair:1   | 8569 ||| INVOKING Berserk.
  8726 | Lair:1   | 8726 ||| INVOKING Berserk.
  8920 | Lair:1   | 8920 ||| INVOKING Berserk.
  8923 | Lair:1   | Reached skill level 6 in Shields
  9086 | Lair:1   | 9086 ||| READING scroll labelled RAKKEH FIZXEF.
  9087 | Lair:1   | 9087 ||| READING 4 scrolls of teleportation.
  9242 | Lair:1   | 9242 ||| Stepping ~*~*~tactically~*~*~ (stealth).
  9246 | Lair:1   | 9246 ||| INVOKING Berserk.
  9625 | Lair:1   | 9625 ||| Stepping ~*~*~tactically~*~*~ (stealth).
  9627 | Lair:1   | 9627 ||| Stepping ~*~*~tactically~*~*~ (stealth).
 10127 | Lair:2   | Noticed a six-headed hydra
 10128 | Lair:2   | 10128 ||| INVOKING Brothers in Arms.
 10128 | Lair:2   | Noticed a seven-headed hydra
 10129 | Lair:2   | 10129 ||| Stepping ~*~*~tactically~*~*~ (stealth).
 10130 | Lair:2   | 10130 ||| INVOKING Brothers in Arms.
 10132 | Lair:2   | 10132 ||| INVOKING Brothers in Arms.
 10133 | Lair:2   | 10133 ||| INVOKING Berserk.
 10135 | Lair:2   | Killed an eight-headed hydra
 10136 | Lair:2   | Reached skill level 9 in Armour
 10141 | Lair:2   | Killed an 11-headed hydra
 10236 | Lair:2   | 10236 ||| Stepping ~*~*~tactically~*~*~ (hiding).
 10241 | Lair:2   | 10241 ||| INVOKING Berserk.
 10292 | Lair:2   | 10292 ||| INVOKING Berserk.
 10416 | Lair:2   | 10416 ||| INVOKING Berserk.
 10541 | Lair:2   | 10541 ||| INVOKING Berserk.
 10544 | Lair:2   | Reached XP level 12. HP: 106/106 MP: 9/11
 10701 | Lair:2   | 10701 ||| Stepping ~*~*~tactically~*~*~ (stealth).
 11232 | Lair:2   | 11232 ||| Stepping ~*~*~tactically~*~*~ (hiding).
 11238 | Lair:2   | Reached skill level 18 in Axes
 11306 | Lair:2   | Found a hole to the Spider Nest.
 11464 | Lair:3   | 11464 ||| Stepping ~*~*~tactically~*~*~ (stealth).
 11531 | Lair:3   | 11531 ||| FLEEEEING.
 11532 | Lair:3   | 11532 ||| FLEEEEING.
 11537 | Lair:3   | 11537 ||| INVOKING Berserk.
 11623 | Lair:3   | Found a staircase to the Shoals.
 11738 | Lair:3   | 11738 ||| Stepping ~*~*~tactically~*~*~ (stealth).
 12011 | Lair:3   | 12011 ||| INVOKING Berserk.
 12428 | Lair:3   | 12428 ||| READING 6 scrolls of identify.
 12428 | Lair:3   | 12428 ||| IDENTIFYING cyan potion
 12443 | Lair:4   | Noticed a death yak
 12443 | Lair:4   | Noticed a death yak
 12448 | Lair:4   | 12448 ||| INVOKING Berserk.
 12448 | Lair:4   | Noticed a death yak
 12452 | Lair:4   | Killed a death yak
 12458 | Lair:4   | Killed a death yak
 12460 | Lair:4   | Killed a death yak
 12464 | Lair:4   | 12464 ||| FLEEEEING.
 12465 | Lair:4   | 12465 ||| STAIRDANCE
 12596 | Lair:4   | Noticed an eight-headed hydra
 12597 | Lair:4   | 12597 ||| INVOKING Brothers in Arms.
 12598 | Lair:4   | 12598 ||| INVOKING Brothers in Arms.
 12599 | Lair:4   | 12599 ||| INVOKING Brothers in Arms.
 12600 | Lair:4   | 12600 ||| INVOKING Brothers in Arms.
 12601 | Lair:4   | 12601 ||| SWAPPING to +0 flail.
 12602 | Lair:4   | 12602 ||| INVOKING Berserk.
 12605 | Lair:4   | Killed an eight-headed hydra
 12606 | Lair:4   | Reached skill level 12 in Fighting
 12619 | Lair:4   | 12619 ||| SWAPPING to +3 broad axe.
 12633 | Lair:4   | 12633 ||| STAIRDANCE
 12668 | Lair:4   | 12668 ||| STAIRDANCE
 12855 | Lair:4   | Found a viscous altar of Jiyva.
 12855 | Lair:4   | Found a staircase to the Slime Pits.
 12950 | Lair:4   | 12950 ||| INVOKING Berserk.
 13153 | Lair:4   | 13153 ||| Stepping ~*~*~tactically~*~*~ (stealth).
 13158 | Lair:4   | 13158 ||| Stepping ~*~*~tactically~*~*~ (stealth).
 13425 | Lair:4   | Noticed a seven-headed hydra
 13426 | Lair:4   | 13426 ||| INVOKING Brothers in Arms.
 13427 | Lair:4   | 13427 ||| INVOKING Brothers in Arms.
 13429 | Lair:4   | 13429 ||| SWAPPING to +0 flail.
 13430 | Lair:4   | 13430 ||| INVOKING Berserk.
 13432 | Lair:4   | Killed a seven-headed hydra
 13446 | Lair:4   | 13446 ||| SWAPPING to +3 broad axe.
 13819 | Lair:4   | 13819 ||| INVOKING Berserk.
 14207 | Lair:4   | Noticed a six-headed hydra
 14211 | Lair:4   | 14211 ||| SWAPPING to +0 flail.
 14212 | Lair:4   | 14212 ||| INVOKING Berserk.
 14215 | Lair:4   | Killed a six-headed hydra
 14233 | Lair:4   | 14233 ||| SWAPPING to +3 broad axe.
 14552 | Lair:5   | Entered Level 5 of the Lair of Beasts
 14557 | Lair:5   | 14557 ||| STAIRDANCE
 14629 | Lair:5   | 14629 ||| STAIRDANCE
 14631 | Lair:4   | 14631 ||| INVOKING Berserk.
 14749 | Lair:5   | 14749 ||| STAIRDANCE
 14819 | Lair:5   | Noticed a seven-headed hydra
 14820 | Lair:5   | 14820 ||| STAIRDANCE
 14822 | Lair:4   | 14822 ||| INVOKING Berserk.
 14827 | Lair:4   | Reached XP level 13. HP: 58/119 MP: 4/12
 14832 | Lair:4   | HP: 28/119 [poisoned by a cane toad]
 15157 | Lair:5   | 15157 ||| STAIRDANCE
 15159 | Lair:4   | 15159 ||| SWAPPING to +0 flail.
 15160 | Lair:4   | 15160 ||| INVOKING Berserk.
 15173 | Lair:4   | 15173 ||| SWAPPING to +3 broad axe.
 15339 | Lair:5   | 15339 ||| DROPPING +0 flail.
 15359 | Lair:5   | 15359 ||| INVOKING Berserk.
 15503 | Lair:5   | 15503 ||| Stepping ~*~*~tactically~*~*~ (stealth).
 15504 | Lair:5   | 15504 ||| INVOKING Berserk.
 15638 | Lair:5   | Reached skill level 12 in Armour
 15673 | Lair:5   | 15673 ||| INVOKING Berserk.
 15832 | Lair:5   | 15832 ||| INVOKING Berserk.
 15845 | Lair:5   | Reached skill level 9 in Shields
 15926 | Lair:5   | 15926 ||| INVOKING Berserk.
 16069 | Lair:5   | 16069 ||| Stepping ~*~*~tactically~*~*~ (stealth).
 16083 | Lair:5   | 16083 ||| Stepping ~*~*~tactically~*~*~ (stealth).
 16085 | Lair:5   | 16085 ||| Stepping ~*~*~tactically~*~*~ (stealth).
 16087 | Lair:5   | 16087 ||| Stepping ~*~*~tactically~*~*~ (stealth).
 16088 | Lair:5   | 16088 ||| INVOKING Berserk.
 16157 | Lair:5   | 16157 ||| Stepping ~*~*~tactically~*~*~ (stealth).
 16199 | Lair:5   | 16199 ||| INVOKING Berserk.
 16211 | Lair:5   | Reached skill level 6 in Dodging
 16233 | Lair:5   | 16233 ||| DRINKING potion of cancellation.
 16273 | Lair:5   | 16273 ||| Stepping ~*~*~tactically~*~*~ (stealth).
 16277 | Lair:5   | 16277 ||| Stepping ~*~*~tactically~*~*~ (stealth).
 16279 | Lair:5   | 16279 ||| Stepping ~*~*~tactically~*~*~ (stealth).
 16440 | Lair:5   | 16440 ||| INVOKING Berserk.
 16641 | Lair:5   | 16641 ||| INVOKING Berserk.
 16684 | Lair:5   | 16684 ||| FLEEEEING.
 16685 | Lair:5   | 16685 ||| FLEEEEING.
 16686 | Lair:5   | 16686 ||| FLEEEEING.
 16687 | Lair:5   | 16687 ||| FLEEEEING.
 16688 | Lair:5   | 16688 ||| FLEEEEING.
 16689 | Lair:5   | 16689 ||| FLEEEEING.
 16695 | Lair:5   | 16695 ||| FLEEEEING.
 16696 | Lair:5   | 16696 ||| FLEEEEING.
 16735 | Lair:5   | 16735 ||| INVOKING Berserk.
 16758 | Lair:5   | 16758 ||| Stepping ~*~*~tactically~*~*~ (stealth).
 16899 | Lair:5   | 16899 ||| INVOKING Berserk.
 17030 | Lair:5   | 17030 ||| Stepping ~*~*~tactically~*~*~ (stealth).
 17031 | Lair:5   | 17031 ||| Stepping ~*~*~tactically~*~*~ (stealth).
 17033 | Lair:5   | 17033 ||| INVOKING Berserk.
 17056 | Lair:5   | Paralysed by a hornet for 2 turns
 17372 | Lair:5   | 17372 ||| INVOKING Berserk.
 17735 | Lair:5   | 17735 ||| PLANNING D:1-11
 17735 | Lair:5   | 17735 ||| READING 2 scrolls labelled SAEMIA RAONAERR.
 17736 | Lair:5   | 17736 ||| DROPPING scroll of magic mapping.
 17812 | D:9      | 17812 ||| STAIRDANCE
 17818 | D:9      | 17818 ||| STAIRDANCE
 17854 | D:9      | 17854 ||| STAIRDANCE
 17938 | D:9      | 17938 ||| STAIRDANCE
 17998 | D:9      | 17998 ||| Stepping ~*~*~tactically~*~*~ (hiding).
 17999 | D:9      | 17999 ||| Stepping ~*~*~tactically~*~*~ (hiding).
 18011 | D:9      | 18011 ||| FLEEEEING.
 18012 | D:9      | 18012 ||| FLEEEEING.
 18013 | D:9      | 18013 ||| FLEEEEING.
 18033 | D:9      | 18033 ||| FLEEEEING.
 18034 | D:9      | 18034 ||| FLEEEEING.
 18035 | D:9      | 18035 ||| FLEEEEING.
 18036 | D:9      | 18036 ||| FLEEEEING.
 18037 | D:9      | 18037 ||| FLEEEEING.
 18038 | D:9      | 18038 ||| FLEEEEING.
 18039 | D:9      | 18039 ||| FLEEEEING.
 18040 | D:9      | 18040 ||| FLEEEEING.
 18041 | D:9      | 18041 ||| FLEEEEING.
 18042 | D:9      | 18042 ||| STAIRDANCE
 18143 | D:9      | 18143 ||| Stepping ~*~*~tactically~*~*~ (stealth).
 18144 | D:9      | 18144 ||| Stepping ~*~*~tactically~*~*~ (stealth).
 18147 | D:9      | 18147 ||| Stepping ~*~*~tactically~*~*~ (stealth).
 18148 | D:9      | 18148 ||| Stepping ~*~*~tactically~*~*~ (stealth).
 18174 | D:9      | Reached skill level 15 in Fighting
 18197 | D:9      | 18197 ||| Stepping ~*~*~tactically~*~*~ (hiding).
 18199 | D:9      | 18199 ||| Stepping ~*~*~tactically~*~*~ (hiding).
 18268 | D:9      | Found a bloodstained altar of Trog.
 18361 | D:9      | 18361 ||| Stepping ~*~*~tactically~*~*~ (hiding).
 18377 | D:9      | Reached ***** piety under Trog
 18597 | D:9      | 18597 ||| READING scroll labelled XEIRI TOVOPER.
 18614 | D:10     | Entered Level 10 of the Dungeon
 18617 | D:10     | Found a sparkling altar of Nemelex Xobeh.
 18842 | D:10     | 18842 ||| FLEEEEING.
 18843 | D:10     | 18843 ||| FLEEEEING.
 18844 | D:10     | 18844 ||| FLEEEEING.
 18845 | D:10     | 18845 ||| FLEEEEING.
 18846 | D:10     | 18846 ||| Stepping ~*~*~tactically~*~*~ (stealth).
 18847 | D:10     | 18847 ||| FLEEEEING.
 18862 | D:10     | 18862 ||| FLEEEEING.
 18863 | D:10     | 18863 ||| FLEEEEING.
 18864 | D:10     | 18864 ||| FLEEEEING.
 18865 | D:10     | 18865 ||| FLEEEEING.
 18866 | D:10     | 18866 ||| FLEEEEING.
 18867 | D:10     | 18867 ||| FLEEEEING.
 18868 | D:10     | 18868 ||| FLEEEEING.
 18869 | D:10     | 18869 ||| FLEEEEING.
 18870 | D:10     | 18870 ||| FLEEEEING.
 18871 | D:10     | 18871 ||| FLEEEEING.
 18872 | D:10     | 18872 ||| FLEEEEING.
 18873 | D:10     | 18873 ||| FLEEEEING.
 18874 | D:10     | 18874 ||| FLEEEEING.
 18875 | D:10     | 18875 ||| FLEEEEING.
 18876 | D:10     | 18876 ||| FLEEEEING.
 18877 | D:10     | 18877 ||| FLEEEEING.
 18878 | D:10     | 18878 ||| FLEEEEING.
 18879 | D:10     | 18879 ||| FLEEEEING.
 18880 | D:10     | 18880 ||| FLEEEEING.
 18881 | D:10     | 18881 ||| FLEEEEING.
 18882 | D:10     | 18882 ||| FLEEEEING.
 18883 | D:10     | 18883 ||| FLEEEEING.
 18893 | D:10     | 18893 ||| STAIRDANCE
 19104 | D:10     | 19104 ||| READING scroll of enchant armour.
 19104 | D:10     | 19104 ||| ENCHANTING +0 pair of boots.
 19204 | D:10     | Found a basalt altar of Yredelemnul.
 19457 | D:10     | 19457 ||| READING scroll labelled KEMUUHAOPN.
 19458 | D:10     | 19458 ||| READING 6 scrolls of identify.
 19458 | D:10     | 19458 ||| IDENTIFYING fizzy cyan potion
 19459 | D:10     | 19459 ||| READING 5 scrolls of identify.
 19459 | D:10     | 19459 ||| IDENTIFYING ruby potion
 19460 | D:10     | 19460 ||| DROPPING potion of berserk rage.
 19461 | D:10     | 19461 ||| DROPPING potion of ambrosia.
 19513 | D:11     | 19513 ||| STAIRDANCE
 19518 | D:11     | 19518 ||| STAIRDANCE
 19562 | D:11     | 19562 ||| STAIRDANCE
 19577 | D:11     | 19577 ||| Stepping ~*~*~tactically~*~*~ (stealth).
 19579 | D:11     | 19579 ||| Stepping ~*~*~tactically~*~*~ (hiding).
 19588 | D:11     | Reached XP level 14. HP: 120/135 MP: 13/13
 19681 | D:11     | 19681 ||| INVOKING Brothers in Arms.
 19685 | D:11     | 19685 ||| SWAPPING to +1 demon whip of venom.
 19686 | D:11     | 19686 ||| INVOKING Berserk.
 19733 | D:11     | 19733 ||| SWAPPING to +3 broad axe.
 19909 | D:11     | 19909 ||| Stepping ~*~*~tactically~*~*~ (hiding).
 19925 | D:11     | 19925 ||| Stepping ~*~*~tactically~*~*~ (stealth).
 19952 | D:11     | Received a gift from Trog
 19962 | D:11     | Found a staircase to the Orcish Mines.
 19972 | D:11     | 19972 ||| Stepping ~*~*~tactically~*~*~ (stealth).
 19974 | D:11     | 19974 ||| Stepping ~*~*~tactically~*~*~ (stealth).
 19976 | D:11     | 19976 ||| Stepping ~*~*~tactically~*~*~ (stealth).
 19979 | D:11     | 19979 ||| Stepping ~*~*~tactically~*~*~ (hiding).
 19980 | D:11     | 19980 ||| Stepping ~*~*~tactically~*~*~ (hiding).
 19985 | D:11     | 19985 ||| Stepping ~*~*~tactically~*~*~ (hiding).
 20039 | D:11     | 20039 ||| READING scroll of enchant armour.
 20039 | D:11     | 20039 ||| ENCHANTING +1 pair of boots.
 20054 | D:11     | 20054 ||| DROPPING +2 antimagic war axe.
 20445 | D:11     | Found a portal to a secret trove of treasure.
 20552 | D:10     | Found a shimmering blue altar of Sif Muna.
 20554 | D:10     | 20554 ||| PLANNING D
 20967 | D:12     | Noticed Lodul
 20968 | D:12     | 20968 ||| INVOKING Brothers in Arms.
 20971 | D:12     | 20971 ||| INVOKING Berserk.
 20973 | D:12     | Killed Lodul
 21330 | D:12     | 21330 ||| Stepping ~*~*~tactically~*~*~ (stealth).
 21521 | D:12     | 21521 ||| Stepping ~*~*~tactically~*~*~ (stealth).
 21529 | D:12     | 21529 ||| Stepping ~*~*~tactically~*~*~ (stealth).
 21551 | D:12     | 21551 ||| Stepping ~*~*~tactically~*~*~ (stealth).
 21552 | D:12     | 21552 ||| INVOKING Brothers in Arms.
 21557 | D:12     | 21557 ||| INVOKING Berserk.
 21891 | D:13     | 21891 ||| Stepping ~*~*~tactically~*~*~ (stealth).
 21893 | D:13     | 21893 ||| Stepping ~*~*~tactically~*~*~ (hiding).
 21894 | D:13     | 21894 ||| Stepping ~*~*~tactically~*~*~ (hiding).
 21912 | D:13     | 21912 ||| Stepping ~*~*~tactically~*~*~ (stealth).
 21914 | D:13     | 21914 ||| Stepping ~*~*~tactically~*~*~ (stealth).
 21916 | D:13     | 21916 ||| Stepping ~*~*~tactically~*~*~ (stealth).
 21920 | D:13     | 21920 ||| Stepping ~*~*~tactically~*~*~ (stealth).
 21924 | D:13     | 21924 ||| Stepping ~*~*~tactically~*~*~ (stealth).
 22090 | D:13     | 22090 ||| Stepping ~*~*~tactically~*~*~ (hiding).
 22091 | D:13     | 22091 ||| Stepping ~*~*~tactically~*~*~ (hiding).
 22244 | D:13     | 22244 ||| READING scroll of enchant armour.
 22244 | D:13     | 22244 ||| ENCHANTING +0 cloak.
 22322 | D:13     | 22322 ||| INVOKING Brothers in Arms.
 22323 | D:13     | 22323 ||| INVOKING Brothers in Arms.
 22328 | D:13     | 22328 ||| SWAPPING to +1 demon whip of venom.
 22329 | D:13     | 22329 ||| INVOKING Berserk.
 22339 | D:13     | 22339 ||| SWAPPING to +3 broad axe.
 22538 | D:13     | 22538 ||| Stepping ~*~*~tactically~*~*~ (hiding).
 22540 | D:13     | 22540 ||| INVOKING Berserk.
 22543 | D:13     | Reached skill level 15 in Armour
 22640 | D:13     | 22640 ||| Stepping ~*~*~tactically~*~*~ (stealth).
 22643 | D:13     | 22643 ||| Stepping ~*~*~tactically~*~*~ (hiding).
 22644 | D:13     | 22644 ||| Stepping ~*~*~tactically~*~*~ (hiding).
 22939 | D:13     | 22939 ||| Stepping ~*~*~tactically~*~*~ (hiding).
 22940 | D:13     | 22940 ||| Stepping ~*~*~tactically~*~*~ (hiding).
 22942 | D:13     | 22942 ||| Stepping ~*~*~tactically~*~*~ (hiding).
 23121 | D:13     | 23121 ||| READING 8 scrolls of identify.
 23121 | D:13     | 23121 ||| IDENTIFYING pink potion
 23122 | D:13     | 23122 ||| READING 7 scrolls of identify.
 23122 | D:13     | 23122 ||| IDENTIFYING bubbling orange potion
 23123 | D:13     | 23123 ||| DROPPING potion of degeneration.
 23124 | D:13     | 23124 ||| DROPPING potion of lignification.
 23250 | D:14     | 23250 ||| FLEEEEING.
 23251 | D:14     | 23251 ||| FLEEEEING.
 23252 | D:14     | 23252 ||| FLEEEEING.
 23253 | D:14     | 23253 ||| FLEEEEING.
 23254 | D:14     | 23254 ||| FLEEEEING.
 23255 | D:14     | 23255 ||| FLEEEEING.
 23256 | D:14     | 23256 ||| FLEEEEING.
 23258 | D:14     | 23258 ||| STAIRDANCE
 23376 | D:14     | 23376 ||| STAIRDANCE
 23422 | D:14     | 23422 ||| Stepping ~*~*~tactically~*~*~ (stealth).
 23442 | D:14     | 23442 ||| Stepping ~*~*~tactically~*~*~ (hiding).
 23749 | D:14     | Noticed Snorg
 23750 | D:14     | 23750 ||| INVOKING Brothers in Arms.
 23752 | D:14     | 23752 ||| INVOKING Berserk.
 23758 | D:14     | Killed Snorg
 23872 | D:14     | 23872 ||| Stepping ~*~*~tactically~*~*~ (stealth).
 23889 | D:14     | 23889 ||| FLEEEEING.
 23890 | D:14     | 23890 ||| FLEEEEING.
 24002 | D:14     | Noticed Agnes
 24003 | D:14     | 24003 ||| Stepping ~*~*~tactically~*~*~ (stealth).
 24005 | D:14     | 24005 ||| Stepping ~*~*~tactically~*~*~ (hiding).
 24006 | D:14     | 24006 ||| INVOKING Berserk.
 24014 | D:14     | Killed Agnes
 24118 | D:14     | Found a gate to the Vaults.
 24121 | D:14     | 24121 ||| Stepping ~*~*~tactically~*~*~ (stealth).
 24163 | D:14     | 24163 ||| UPGRADING to +1 pair of gloves.
 24187 | D:15     | Entered Level 15 of the Dungeon
 24195 | D:15     | 24195 ||| Stepping ~*~*~tactically~*~*~ (stealth).
 24196 | D:15     | 24196 ||| Stepping ~*~*~tactically~*~*~ (hiding).
 24197 | D:15     | 24197 ||| Stepping ~*~*~tactically~*~*~ (hiding).
 24210 | D:15     | 24210 ||| INVOKING Berserk.
 24220 | D:15     | HP: 51/210 [orc knight/+0 glaive (12)]
 24655 | D:15     | 24655 ||| Stepping ~*~*~tactically~*~*~ (hiding).
 24661 | D:15     | 24661 ||| INVOKING Trog's Hand.
 24670 | D:15     | Reached XP level 15. HP: 147/147 MP: 14/14
 24686 | D:15     | 24686 ||| INVOKING Berserk.
 24828 | D:15     | Found a staircase to the Depths.
 25064 | D:15     | 25064 ||| INVOKING Berserk.
 25088 | D:15     | 25088 ||| INVOKING Trog's Hand.
 25379 | D:15     | Found a snail-covered altar of Cheibriados.
 25380 | D:15     | 25380 ||| UPGRADING to +0 chain mail of poison resistance.
 25879 | D:15     | 25879 ||| PLANNING ORC
 25986 | Orc:1    | Entered Level 1 of the Orcish Mines
 25997 | Orc:1    | 25997 ||| Stepping ~*~*~tactically~*~*~ (stealth).
 26216 | Orc:2    | Entered Level 2 of the Orcish Mines
 26219 | Orc:2    | 26219 ||| Stepping ~*~*~tactically~*~*~ (hiding).
 26227 | Orc:2    | 26227 ||| STAIRDANCE
 26235 | Orc:2    | 26235 ||| STAIRDANCE
 26251 | Orc:2    | 26251 ||| FLEEEEING.
 26252 | Orc:2    | 26252 ||| FLEEEEING.
 26253 | Orc:2    | 26253 ||| FLEEEEING.
 26254 | Orc:2    | 26254 ||| STAIRDANCE
 26302 | Orc:2    | 26302 ||| STAIRDANCE
 26307 | Orc:2    | 26307 ||| STAIRDANCE
 26353 | Orc:2    | 26353 ||| STAIRDANCE
 26394 | Orc:2    | 26394 ||| STAIRDANCE
 26425 | Orc:2    | Noticed Saint Roka
 26426 | Orc:2    | 26426 ||| INVOKING Brothers in Arms.
 26430 | Orc:2    | Noticed Rupert
 26431 | Orc:2    | 26431 ||| INVOKING Trog's Hand.
 26432 | Orc:2    | 26432 ||| INVOKING Berserk.
 26438 | Orc:2    | Killed Saint Roka
 26440 | Orc:2    | Killed Rupert
 26441 | Orc:2    | Reached skill level 18 in Fighting
 26923 | Orc:2    | 26923 ||| INVOKING Trog's Hand.
 26927 | Orc:2    | 26927 ||| INVOKING Berserk.
 27090 | Orc:2    | 27090 ||| Stepping ~*~*~tactically~*~*~ (hiding).
 27093 | Orc:2    | 27093 ||| INVOKING Trog's Hand.
 27095 | Orc:2    | 27095 ||| INVOKING Berserk.
 27098 | Orc:2    | Found Qomuoffepn's Distillery.
 27123 | Orc:2    | HP: 35/149 [orc high priest/divine providence (12)]
 27123 | Orc:2    | HP: 6/149 [orc warrior/+0 long sword (16)]
 27123 | Orc:2    | Killed from afar by an orc high priest

Levels and vault maps discovered:
D:1:      shiori_arrival_whats_in_store_for_you, layout_basic,
          ebering_ecumenical_altar_petrified, serial_shops,
          nicolae_shop_bloodbath_and_beyond, st_stairs_11,
          minmay_indecisive_spiral
D:2:      layout_rooms, basic_altar, minmay_crystal_room, uniq_sigmund,
          uniq_robin
D:3:      layout_rooms
D:4:      layout_cave_pools, nzn_hepliaklqana_mist_gate,
          nicolae_gozag_cash_rules_everything_around_me
D:5:      layout_gridville, temple_hall, serial_shops, kennysheep_mini,
          lightli_corner_chamber
D:6:      nicolae_cairo_tiling_very_big, layout_loops_ring
D:7:      layout_gridville, mainiacjoe_overflow_tiny_flanked,
          kennysheep_mini_moat, nicolae_shop_self_help, uniq_joseph, uniq_pikel
D:8:      layout_rooms, general_overflow_altar, minmay_lair_entry_grove,
          nicolae_kite_square_tiling_tiny, corner_web_ring, uniq_maggie,
          uniq_psyche
D:9:      layout_rooms, mainiacjoe_overflow_surrounded_room, special_room
          [special_room_orc]
D:10:     kennysheep_six_static_rooms, layout_long_grid,
          nemelex_xobeh_ov_fountains_minmay, overflow_temple_1_default,
          nicolae_overflow_hidden_temple
D:11:     layout_loops_ring, hiddenorc2_lemuel, trove_entry_hex_spiral
D:12:     layout_rooms, serial_bayou, serial_bayou_pond_e,
          serial_bayou_lagoon_b, serial_bayou_pond_a, serial_bayou_pond_c,
          serial_bayou_pond_b, serial_bayou_pond_c, minmay_misc_feat_ornament,
          uniq_lodul
D:13:     layout_basic
D:14:     layout_rooms, david_vaults_5, serial_park_tiny_pond, uniq_snorg,
          uniq_agnes
D:15:     gammafunk_depths_entry_grave, layout_basic, hangedman_decor_riveting,
          minivault_24, slow_altar_1
Lair:1:   layout_gridlike, beast_lair_carwin_5
Lair:2:   layout_roguey, spider_nest_entry_funnel_web, serial_rivers,
          chequers_serial_rivers_small_3, chequers_serial_rivers_room_b,
          chequers_serial_rivers_room_b, chequers_serial_rivers_micro_c,
          chequers_serial_rivers_micro_b, chequers_serial_rivers_large_b
Lair:3:   layout_regular_city, minmay_shoals_entry_centaurs
Lair:4:   layout_layer_cave, minmay_slime_entry_pillars
Lair:5:   minmay_lair_end_enchanted_forest, layout_hall_layers
Orc:1:    layout_diamond_mine, serial_shops, nicolae_shop_hallway_stairs
Orc:2:    st_orc_elflike, layout_caves, uniq_rupert, uniq_donald,
          uniq_saint_roka

Skill      XL: |  1  2  3  4  5  6  7  8  9 10 11 12 13 14 15 |
---------------+----------------------------------------------+-----
Axes           | 4 5 7 8 10 12 13 15 17 18 | 18.0
Throwing       | 1 2 3 4 |  4.0
Shields        | 2 3 4 5 6 8 10 11 | 11.0
Fighting       | 4 5 6 8 9 10 12 15 17 18 | 18.0
Armour         | 3 4 7 8 9 11 13 15 16 | 16.0
Dodging        | 3 5 6 7 8 |  8.7

Action                   |  1- 3 |  4- 6 |  7- 9 | 10-12 | 13-15 || total
-------------------------+-------+-------+-------+-------+-------++-------
Melee: Hand axe          |    49 |    44 |    49 |       |       ||   142
       Headbutt          |     9 |     5 |    29 |    85 |   162 ||   290
       Punch             |     1 |       |       |       |       ||     1
       War axe           |       |       |   152 |    83 |       ||   235
       Broad axe         |       |       |       |   258 |   797 ||  1055
       Flail             |       |       |       |     8 |     2 ||    10
       Demon whip        |       |       |       |       |    12 ||    12
Throw: Javelin           |    24 |    40 |    35 |    14 |       ||   113
       Boomerang         |       |       |       |       |   114 ||   114
Invok: Berserk           |     1 |     3 |    10 |    21 |    27 ||    62
       Brothers in Arms  |       |       |       |     3 |     6 ||     9
       Trog's Hand       |       |       |       |       |     5 ||     5
  Use: Scroll            |     2 |     7 |     5 |     5 |    10 ||    29
       Potion            |       |     4 |     2 |     2 |     1 ||     9
 Stab: Distracted        |       |       |       |       |     3 ||     3
Armor: Animal skin       |     6 |       |       |       |       ||     6
       Chain mail        |       |     9 |    27 |       |    21 ||    57
       Plate armour      |       |       |    28 |   131 |   286 ||   445
Dodge: Dodged            |    20 |    16 |    37 |    81 |   251 ||   405
Block: Buckler           |       |     5 |    43 |    90 |   261 ||   399

Table legend:
 A = Non-vault XP
 B = Vault XP
 C = Vault XP percentage of total XP
 D = Non-vault monster count
 E = Vault monster count
 F = Vault count percentage of total count
                 A         B        C        D         E       F
            +---------+---------+-------+---------+---------+-------
      Total |   81880 |   41764 |  33.8 |     433 |     210 |  32.7
            +---------+---------+-------+---------+---------+-------
        D:1 |      45 |      12 |  21.1 |      26 |       7 |  21.2
        D:2 |      38 |     270 |  87.7 |      12 |      14 |  53.8
        D:3 |      12 |       0 |   0.0 |       5 |       0 |   0.0
        D:4 |      64 |       0 |   0.0 |       9 |       0 |   0.0
        D:5 |     517 |       0 |   0.0 |      14 |       0 |   0.0
        D:6 |     792 |       0 |   0.0 |      18 |       0 |   0.0
        D:7 |    2079 |    1046 |  33.5 |      31 |       2 |   6.1
        D:8 |    3820 |    2884 |  43.0 |      34 |      15 |  30.6
        D:9 |    1290 |     235 |  15.4 |      19 |      24 |  55.8
       D:10 |    3083 |    2405 |  43.8 |      14 |       6 |  30.0
       D:11 |    2724 |     470 |  14.7 |      15 |      32 |  68.1
       D:12 |    8015 |    3296 |  29.1 |      28 |      11 |  28.2
       D:13 |    6989 |       0 |   0.0 |      24 |       0 |   0.0
       D:14 |    6067 |    6400 |  51.3 |      17 |       8 |  32.0
       D:15 |    9148 |    5456 |  37.4 |      23 |       9 |  28.1
     Lair:1 |    6665 |     733 |   9.9 |      19 |       6 |  24.0
     Lair:2 |    4424 |     605 |  12.0 |      15 |       3 |  16.7
     Lair:3 |    3981 |     345 |   8.0 |      19 |       3 |  13.6
     Lair:4 |   11052 |     611 |   5.2 |      27 |       4 |  12.9
     Lair:5 |    8110 |    9289 |  53.4 |      28 |      48 |  63.2
      Orc:1 |     731 |       0 |   0.0 |      17 |       0 |   0.0
      Orc:2 |    2234 |    7707 |  77.5 |      19 |      18 |  48.6
            +---------+---------+-------+---------+---------+-------
